 Dungeon Crawl Stone Soup version 0.31-a0-219-g8d62b2e7bb (webtiles) character file.

Game seed: 5546495987821507827

14 qw the Shooter (level 2, -2/24 HPs)
             Began as a Minotaur Hexslinger on July 3, 2023.
             Slain by a gnoll
             ... wielding a +0 spear
              (6 damage)
             ... on level 1 of the Dungeon.
             The game lasted 00:00:10 (452 turns).

qw the Shooter (Minotaur Hexslinger)                 Turns: 452, Time: 00:00:11

Health: -2/24      AC:  2    Str: 12    XL:     2   Next: 27%
Magic:  2/2        EV: 12    Int: 10    God:
Gold:   19         SH:  0    Dex: 12    Spells: 2/3 levels left

rFire   . . .        a - +1 sling
rCold   . . .        (no shield)
rNeg    . . .        c - +0 robe
rPois   .            (helmet restricted)
rElec   .            (no cloak)
rCorr   .            (no gloves)
SInv    .            (no boots)
Will    .....        (no amulet)
Stlth   +            (no ring)
HPRegen 0.24/turn    (no ring)
MPRegen 0.08/turn

%: no passive effects
@: no status effects
A: horns 2, retaliatory headbutt
a: no special abilities


You were on level 1 of the Dungeon.
You visited 1 branch of the dungeon, and saw 1 of its levels.

You collected 19 gold pieces.


Innate Abilities, Weirdness & Mutations

You have a pair of horns on your head.
You reflexively headbutt those who attack you in melee.


   Skills:
 + Level 1.9 Fighting
 - Level 3.0 Ranged Weapons
 - Level 2.1 Dodging
 - Level 1.0 Spellcasting
 - Level 2.0 Hexes


You had 2 spell levels left.
You knew the following spells:

 Your Spells              Type           Power      Damage    Failure   Level
a - Slow                  Hex            16%        N/A       16%         1

Your spell library contained the following spells:

 Spells                   Type           Power      Damage    Failure   Level
 Inner Flame              Hex/Fire       2%         N/A       56%         3
 Portal Projectile        Hex/Tloc       4%         N/A       56%         3
 Cause Fear               Hex            2%         N/A       83%         4

Inventory:

Hand Weapons
 a - a +1 sling (weapon)
Armour
 c - a +0 robe (worn)
 d - a +0 ring mail
Scrolls
 b - a scroll of poison
Potions
 e - a potion of enlightenment {unknown}

Dungeon Overview and Level Annotations

Branches:
Dungeon (1/15)

Altars:


Message History

You shoot a sling bullet.
The sling bullet barely misses the kobold.
A bat comes into view.
You shoot a sling bullet.
The sling bullet barely misses the kobold.
The sling bullet barely misses the bat.
The kobold hits you but does no damage.
You shoot a sling bullet. The sling bullet hits the kobold.
The kobold is moderately wounded.
The kobold closely misses you. The gnoll misses you.
You shoot a sling bullet. The sling bullet hits the kobold.
You kill the kobold!
The bat closely misses you.
The gnoll hits you from afar with a +0 spear.
You shoot a sling bullet. The sling bullet hits the gnoll.
The gnoll is moderately wounded.
The bat hits you but does no damage. x2
The gnoll hits you from afar with a +0 spear.
You shoot a sling bullet. The sling bullet misses the bat.
The bat barely misses you.
The gnoll hits you from afar with a +0 spear!
The gnoll closely misses you.
You shoot a sling bullet. The sling bullet hits the bat.
You kill the bat!
The gnoll closely misses you.
You shoot a sling bullet.
The sling bullet hits the gnoll but does no damage.
The gnoll is moderately wounded.
The gnoll hits you from afar with a +0 spear.
You shoot a sling bullet. The sling bullet hits the gnoll!
The gnoll is almost dead.
A hobgoblin comes into view.
The gnoll hits you but does no damage.
You shoot a sling bullet. The hobgoblin shouts!
The sling bullet hits the gnoll but does no damage.
The gnoll is almost dead.
A quokka comes into view.
The gnoll hits you from afar with a +0 spear. x2
You die...

#.#
#.#....#
#.#.# #.#
#......
.## #.#
..$..r
#.# .....
#.# ..g#
#.#
#.##..#
#.#
#...g.#
#.# #)#
#.####
#@#####.#
#....#
#.......#
####.#
##.######
#.# #.#
#.# #.#
#.# #.#
#.# ###.#
#.# #...#
#.# #.###


You could see a gnoll, a quokka (wandering) and a hobgoblin.

Vanquished Creatures
  4 endoplasms (D:1)
  2 goblins (D:1)
  A quokka (D:1)
  2 bats (D:1)
  2 kobolds (D:1)
  A rat (D:1)
12 creatures vanquished.

Notes
Turn   | Place    | Note
-------+----------+-------------------------------------------
     0 | D:1      | qw the Minotaur Hexslinger began the quest for the Orb.
     0 | D:1      | Reached XP level 1. HP: 16/16 MP: 1/1
     0 | D:1      | 0 ||| qw: Version: 0.3-a-40-ge99b1a8
     0 | D:1      | 0 ||| qw: Game counter: 392
     0 | D:1      | 0 ||| qw: Melee chars always use a shield: true
     0 | D:1      | 0 ||| qw: God list: Okawaru
     0 | D:1      | 0 ||| qw: Allow faded altars: false
     0 | D:1      | 0 ||| qw: Do Orc after clearing Dungeon:15 true
     0 | D:1      | 0 ||| qw: Do second Lair branch before Depths: true
     0 | D:1      | 0 ||| qw: Lair rune preference: random
     0 | D:1      | 0 ||| qw: Goals: Normal
     0 | D:1      | 0 ||| PLANNING D:1-11
    20 | D:1      | HP: 4/16 [quokka (2)]
    25 | D:1      | HP: 1/16 [quokka (5)]
   363 | D:1      | Reached skill level 3 in Ranged Weapons
   380 | D:1      | Reached XP level 2. HP: 23/23 MP: 2/2
   442 | D:1      | 442 ||| Stepping ~*~*~tactically~*~*~ (outnumbered).
   452 | D:1      | HP: 4/24 [gnoll/+0 spear (5)]
   452 | D:1      | Slain by a gnoll

Levels and vault maps discovered:
D:1:      ncdulo_wetmaze, layout_loops_ring, minmay_misc_feat_enclosed,
          minmay_split_cup_small

Skill      XL: |  1 |
---------------+----+-----
Ranged Weapons | 3 |  3.0
Fighting       | |  1.9
Dodging        | |  2.1
Spellcasting   | |  1.0
Hexes          | |  2.0

Action                     || total
---------------------------++-------
   Fire: Sling             ||    56
 Armour: Robe              ||     7
  Dodge: Dodged            ||    18

Table legend:
 A = Non-vault XP
 B = Vault XP
 C = Vault XP percentage of total XP
 D = Non-vault monster count
 E = Vault monster count
 F = Vault count percentage of total count
                 A         B        C        D         E       F
            +---------+---------+-------+---------+---------+-------
      Total |      18 |       2 |  10.0 |      11 |       1 |   8.3
            +---------+---------+-------+---------+---------+-------
        D:1 |      18 |       2 |  10.0 |      11 |       1 |   8.3
            +---------+---------+-------+---------+---------+-------
